 Dungeon Crawl Stone Soup version 0.27.1-34-g3ba077fa99 (webtiles) character file.

Game seed: 7620053394022959751

354 Karpo the Covert (level 6, 0/28 HPs)
             Began as a Spriggan Enchanter on Jan 24, 2022.
             Slain by an adder skeleton (3 damage)
             ... on level 4 of the Dungeon.
             The game lasted 00:08:13 (3324 turns).

Karpo the Covert (Spriggan Enchanter)               Turns: 3324, Time: 00:08:13

Health: 0/28       AC:  2    Str:  4    XL:     6   Next: 35%
Magic:  9/11       EV: 17    Int: 17    God:
Gold:   112        SH:  0    Dex: 17    Spells: 5/11 levels left

rFire    . . .     SeeInvis +   c - +1 short sword (drain)
rCold    . . .     Faith    .   (shield restricted)
rNeg     . . .     Spirit   .   b - +0 robe
rPois    .         Reflect  .   (helmet restricted)
rElec    .         Harm     .   (no cloak)
rCorr    .         Rampage  .   (gloves unavailable)
Will     +....                  (boots unavailable)
Stlth    ++++......             j - amulet of magic regeneration
HPRegen  0.09/turn              (no ring)
MPRegen  0.37/turn              (no ring)

@: confusing by touch, very quick
A: very small, no large weapons, unfitting armour, see invisible, speed 3
a: no special abilities


You were on level 4 of the Dungeon.
You visited 1 branch of the dungeon, and saw 5 of its levels.

You collected 112 gold pieces.

Inventory:

Hand Weapons
 a - a +1 dagger
 c - a +1 short sword of draining (weapon)
 i - a +1 dagger of speed
Armour
 b - a +0 robe (worn)
Magical Staves
 g - a staff of earth
Jewellery
 e - an amulet of the acrobat
 j - an amulet of magic regeneration (around neck)
Wands
 f - a wand of polymorph (7)
Scrolls
 d - 3 scrolls of identify
Potions
 h - 3 potions of curing
 k - a potion of haste {unknown}


   Skills:
 - Level 5.0 Short Blades
 - Level 2.6 Dodging
 - Level 8.0 Stealth
 + Level 3.2 Spellcasting
 + Level 4.0 Hexes


You had 5 spell levels left.
You knew the following spells:

 Your Spells              Type           Power      Damage    Failure   Level
a - Corona                Hex            17%        N/A       3%          1
b - Ensorcelled Hibernat  Hex/Ice        18%        N/A       11%         2
c - Confusing Touch       Hex            16%        N/A       10%         3

Your spell library contained the following spells:

 Spells                   Type           Power      Damage    Failure   Level
 Tukima's Dance           Hex            16%        N/A       10%         3
 Dazzling Flash           Conj/Hex       18%        N/A       22%         3


Dungeon Overview and Level Annotations

Branches:
Dungeon (5/15)
 Temple: D:4-7

Altars:

Annotations:
D:4 Menkaure


Innate Abilities, Weirdness & Mutations

You are very small and have problems with some larger weapons.
You are too small for most types of armour.
You have supernaturally acute eyesight. (SInv)
You cover ground extremely quickly. (Speed+++)


Message History

The orc hits you with a +0 flail.
You hit the orc.
The orc is moderately wounded.
You hit the orc.
The orc is heavily wounded.
The orc closely misses you.
You hit the orc.
The orc is almost dead.
The orc barely misses you.
You closely miss the orc.
The orc is almost dead.
The orc barely misses you.
You closely miss the orc.
The orc is almost dead.
The orc completely misses you.
You hit the orc.
You kill the orc!
You see here a +0 flail.
Menkaure, Prince of Dust comes into view.
Found a cloak.
An adder skeleton comes into view.
Found 15 stones.
Casting: Confusing Touch (quite dangerous; 10% risk of failure)
Confirm with . or Enter, or press ? or * to list all spells.
You can't see any susceptible monsters within range! (Use Z to cast anyway.)
Casting: Confusing Touch (quite dangerous; 10% risk of failure)
Confirm with . or Enter, or press ? or * to list all spells.
The spell is quite dangerous to cast (10% risk of failure)!
Continue anyway?
Your hands begin to glow red.
Menkaure shouts!
You hear an angry hiss.
A necrophage comes into view.
Menkaure closely misses you.
You hit Menkaure but do no damage. Menkaure casts a spell at you.
Pain shoots through your body!
* * * LOW HITPOINT WARNING * * *
You hit Menkaure but do no damage. You barely miss Menkaure.
Menkaure barely misses you. The adder skeleton bites you.
You die...

#########......###'#
+...)...........
#......#.)......
#......#........
#.)#..#...........
#....#..#........[(.
##...#..............
#.. #.#....MZ......
#. #.#....@....n..
.. #..............
####..######### #..#
#.)# ##># ###


You could see a necrophage, Menkaure and an adder skeleton.

Vanquished Creatures
  Grinder (D:4)
  Jessica (D:2)
  Natasha (D:4)
  Robin (D:2)
  2 adders
  2 worms (D:2)
  2 dart slugs (D:1)
  An orc (D:4)
  3 endoplasms
  4 giant cockroaches
  10 goblins
  5 hobgoblins
  4 jackals (D:1)
  8 kobolds
  A quokka (D:2)
  7 ball pythons
  8 bats
  2 frilled lizards
  2 orc zombies (D:4)
  A rat (D:1)
66 creatures vanquished.

Notes
Turn   | Place    | Note
-------+----------+-------------------------------------------
     0 | D:1      | Karpo the Spriggan Enchanter began the quest for the Orb.
     0 | D:1      | Reached XP level 1. HP: 9/9 MP: 5/5
   276 | D:1      | Reached XP level 2. HP: 9/13 MP: 6/6
   499 | D:1      | Learned a level 2 spell: Ensorcelled Hibernation
   543 | D:1      | Reached skill level 5 in Stealth
   902 | D:1      | Found a faded altar of an unknown god.
  1181 | D:1      | Reached XP level 3. HP: 8/16 MP: 8/8
  1902 | D:2      | Reached skill level 6 in Stealth
  2013 | D:2      | Noticed Jessica
  2028 | D:2      | Killed Jessica
  2029 | D:2      | Reached XP level 4. HP: 21/21 MP: 9/9
  2186 | D:2      | Noticed Robin
  2465 | D:2      | Learned a level 3 spell: Confusing Touch
  2708 | D:2      | Killed Robin
  3143 | D:4      | Noticed Grinder
  3160 | D:4      | Noticed Natasha
  3174 | D:4      | Killed Natasha
  3175 | D:4      | Reached skill level 7 in Stealth
  3175 | D:4      | Reached XP level 5. HP: 11/24 MP: 2/10
  3197 | D:4      | Killed Grinder
  3198 | D:4      | Reached skill level 5 in Short Blades
  3198 | D:4      | Reached skill level 8 in Stealth
  3198 | D:4      | Reached XP level 6. HP: 6/28 MP: 7/11
  3305 | D:5      | Entered Level 5 of the Dungeon
  3317 | D:4      | Noticed Menkaure
  3324 | D:4      | Slain by an adder skeleton

Illustrated notes

Levels and vault maps discovered:
D:1:      lemuel_arrival_rhombus, layout_loops_ring,
          ebering_ecumenical_altar_box, skrybe_limestone_x,
          chequers_serial_rivers_marsh, minmay_liquid_box,
          minmay_misc_feat_tower
D:2:      layout_loops_cross, hangedman_feature_mirror, supply_closet_lemuel,
          uniq_jessica, uniq_robin
D:3:      layout_loops_ring, nicolae_ru_great_annihilating_truth, serial_shops,
          nicolae_shop_stone, minmay_lizard_king
D:4:      layout_basic, nicolae_ossuary_entry_giza,
          chequers_serial_rivers_large_b, uniq_menkaure, uniq_grinder,
          uniq_natasha
D:5:      layout_gridville, minivault_1, minmay_chambers_of_fives, uniq_duvessa,
          uniq_edmund

Skill      XL: |  1  2  3  4  5 |
---------------+----------------+-----
Stealth        | 5 6 7 8 |  8.0
Short Blades   | 2 3 5 |  5.0
Spellcasting   | 3 |  3.2
Hexes          | 4 |  4.0
Dodging        | |  2.6

Action                   |  1- 3 |  4- 6 || total
-------------------------+-------+-------++-------
Melee: Short sword       |    85 |    98 ||   183
       Dagger            |     1 |       ||     1
 Cast: Ensorcelled Hiber |     5 |     4 ||     9
       Confusing Touch   |       |     3 ||     3
  Use: Scroll            |       |     3 ||     3
 Stab: Sleeping          |    10 |     6 ||    16
       Distracted        |       |     2 ||     2
       Confused          |       |     4 ||     4
Armor: Robe              |    20 |    11 ||    31
Dodge: Dodged            |   103 |    75 ||   178
